 Dungeon Crawl Stone Soup version 0.28-a0-529-g3bad584f25 (webtiles) character file.

Game seed: 10039124263903801462

350 pokedragonboy the Shield-Bearer (level 6, -3/49 HPs)
             Began as a Formicid Fighter on Sept 25, 2021.
             Slain by Duvessa (11 damage)
             ... on level 4 of the Dungeon.
             The game lasted 00:05:28 (3124 turns).

pokedragonboy the Shield-Bearer (Formicid Fighter)  Turns: 3124, Time: 00:05:30

Health: -3/49      AC:  8    Str: 22    XL:     6   Next: 92%
Magic:  6/6        EV:  9    Int: 14    God:
Gold:   64         SH:  5    Dex: 10    Spells: 5/5 levels left

rFire   . . .      SeeInvis +   a - +0 war axe
rCold   . . .      Faith    .   c - +0 buckler
rNeg    . . .      Spirit   .   b - +0 scale mail
rPois   .          Reflect  .   (helmet unavailable)
rElec   .          Harm     .   n - +0 cloak
rCorr   .          Rampage  .   (no gloves)
Will    .....                   (no boots)
Stlth   ..........              (no amulet)
HPRegen 0.16/turn               s - +6 ring of intelligence
MPRegen 0.10/turn               (no ring)

@: mighty
A: permanent stasis, dig shafts and tunnels, antennae 3, four strong arms
a: Dig, Shaft Self


You were on level 4 of the Dungeon.
You visited 1 branch of the dungeon, and saw 4 of its levels.

You collected 130 gold pieces.
You spent 66 gold pieces at shops.

Inventory:

Hand Weapons
 a - a +0 war axe (weapon)
 g - a +1 dagger of venom
Armour
 b - a +0 scale mail (worn)
 c - a +0 buckler (worn)
 n - a +0 cloak (worn)
Jewellery
 s - a +6 ring of intelligence (left hand)
Scrolls
 f - a scroll of teleportation {unknown}
 i - 2 scrolls of noise {unknown}
 j - a scroll of blinking {unknown}
 m - 4 scrolls of identify
 r - a scroll of vulnerability {unknown}
Potions
 d - a potion of might
 e - a potion of mutation
 h - a potion of magic {unknown}
 k - a potion of attraction {unknown}
 l - a potion of heal wounds {unknown}
 o - a potion of resistance {unknown}
 p - a potion of brilliance {unknown}
 q - a potion of flight {unknown}


   Skills:
 + Level 4.6 Fighting
 * Level 4.5 Axes
 + Level 4.5 Armour
 + Level 5.0 Shields


You had 5 spell levels left.
You didn't know any spells.
Your spell library contained the following spells:

 Spells                   Type           Power      Damage    Failure   Level
 Gell's Gravitas          Tloc           0%         N/A       91%         3
 Teleport Other           Tloc           0%         N/A       91%         3
 Dispersal                Tloc           0%         N/A       100%        6


Dungeon Overview and Level Annotations

Branches:
Dungeon (4/15)
 Temple: D:4-7

Altars:
Dithmenos

Shops:
D:3 *(?*

Annotations:
D:4 Duvessa


Innate Abilities, Weirdness & Mutations

You cannot be hasted, slowed, berserked, paralysed or teleported.
You can dig through walls and to a lower floor.
You have a pair of large antennae on your head. (SInv)
Your four strong arms can wield two-handed weapons with a shield.


Message History

No target in view!
You sense a monster nearby.
You see here a ball python corpse.
Found a scale mail and 17 bolts.
Found a +0 ring mail.
Duvessa shouts!
You slash Dowan!
Dowan is heavily wounded.
Dowan drinks a potion.
Dowan seems to grow stronger.
Dowan hits you with a +0 dagger.
Dowan points at you and mumbles some strange words.
The puff of frost hits you.
Unknown command.
Duvessa closely misses you.
Your scale mail prevents you from hitting Duvessa.
Duvessa completely misses you.
Okay, then.
You feel very mighty all of a sudden.
Duvessa hits you with a +2 vampiric short sword!
Dowan hits you but does no damage.
You hit Duvessa but do no damage. You barely miss Dowan.
Duvessa hits you with a +2 vampiric short sword!
You block Dowan's attack.
You barely miss Duvessa. You hit Dowan but do no damage.
Duvessa barely misses you. Dowan barely misses you.
Duvessa hits you with a +2 vampiric short sword.
You slash Duvessa!
Duvessa is moderately wounded.
You slash Dowan!
You kill Dowan!
Duvessa screams, "No!
How DARE you!"
Duvessa goes berserk!
Duvessa closely misses you.
Your Shields skill increases to level 5!
You barely miss Duvessa.
Duvessa is moderately wounded.
Duvessa hits you with a +2 vampiric short sword!
* * * LOW HITPOINT WARNING * * *
Duvessa draws strength from your wounds!
Duvessa hits you with a +2 vampiric short sword!
You die...

#.......†##..##.######....##
######...###+##.# #....#
#.........# . .......
#.........# . .......
#....###### ## ##...##
#....##..## ...# #......[..#
####...##e..# #......##@..#
##......)...# #(.[.......#
##..######## ###


You could see Duvessa (berserk).

Vanquished Creatures
  A phantom (D:4)
  Dowan (D:4)
  2 orc priests
  An orc wizard (D:3)
  2 gnolls (D:1)
  5 adders
  A worm (D:2)
  4 dart slugs
  9 orcs
  3 bats
  7 endoplasms
  A giant cockroach (D:3)
  A goblin (D:3)
  3 hobgoblins
  7 jackals
  4 quokkas
  4 ball pythons
  12 frilled lizards
  4 kobolds
  3 rats
75 creatures vanquished.

Notes
Turn   | Place    | Note
-------+----------+-------------------------------------------
     0 | D:1      | pokedragonboy the Formicid Fighter began the quest for the
                  | Orb.
     0 | D:1      | Reached XP level 1. HP: 18/18 MP: 1/1
    39 | D:1      | Reached XP level 2. HP: 22/24 MP: 2/2
   602 | D:1      | Reached XP level 3. HP: 13/29 MP: 3/3
   815 | D:1      | Reached skill level 4 in Shields
  1376 | D:2      | Reached XP level 4. HP: 27/37 MP: 4/4
  2041 | D:3      | Reached XP level 5. HP: 41/42 MP: 5/5
  2408 | D:3      | Found Siritra's General Store.
  2454 | D:3      | Found Vulapn's Magic Scroll Shoppe.
  2469 | D:3      | Bought a scroll of identify for 22 gold pieces
  2469 | D:3      | Bought a scroll of identify for 22 gold pieces
  2469 | D:3      | Bought a scroll of identify for 22 gold pieces
  2530 | D:3      | Found a faded altar of an unknown god.
  2553 | D:3      | Found Famom's Antique Weapon Shoppe.
  2598 | D:3      | Reached XP level 6. HP: 48/48 MP: 6/6
  2615 | D:3      | Found Umniryc's Assorted Antiques.
  2874 | D:4      | Noticed Duvessa
  2874 | D:4      | Noticed Dowan
  2874 | D:4      | Found a shadowy altar of Dithmenos.
  3123 | D:4      | Killed Dowan
  3124 | D:4      | Reached skill level 5 in Shields
  3124 | D:4      | Slain by Duvessa

Illustrated notes

Levels and vault maps discovered:
D:1:      evilmike_arrival_home_sweet_home, layout_basic, grunt_decor_cap,
          minmay_lizard_pond
D:2:      layout_basic
D:3:      layout_basic, hellmonk_ecumenical_altar_zigzags, serial_shops,
          nicolae_shop_stone, nicolae_shop_crystal, shop_statue, shop
D:4:      layout_gridville, mainiacjoe_overflow_tiny_flanked, uniq_duvessa

Skill      XL: |  1  2  3  4  5  6 |
---------------+-------------------+-----
Shields        | 4 5 |  5.0
Axes           | 3 4 |  4.5
Fighting       | 4 |  4.6
Armour         | 4 |  4.5

Action                   |  1- 3 |  4- 6 || total
-------------------------+-------+-------++-------
Melee: War axe           |    91 |   144 ||   235
 Abil: Dig               |       |     1 ||     1
  Use: Scroll            |       |     1 ||     1
       Potion            |       |     1 ||     1
Armor: Scale mail        |    44 |    59 ||   103
Dodge: Dodged            |    43 |    75 ||   118
Block: Buckler           |    20 |    38 ||    58

Table legend: (Time is in decaauts)
 A = Elapsed time spent in this place.
 B = Non-inter-level travel time spent in this place.
 C = Inter-level travel time spent in this place.
 D = Time resting spent in this place.
 E = Time spent auto-exploring this place.
 F = Levels seen in this place.
 G = Mean time per level.
                   A        B        C        D        E       F      G
               +--------+--------+--------+--------+--------+-----+--------+
         Total |   3205 |   3066 |    139 |    466 |   2003 |   4 |  801.2 |
       Dungeon |   3205 |   3066 |    139 |    466 |   2003 |   4 |  801.2 |
               +--------+--------+--------+--------+--------+-----+--------+

Top non-repeatable levels by time:
     D:1: 1378 daAuts
     D:3: 1007 daAuts
     D:2: 599 daAuts
     D:4: 220 daAuts
